Cogmind - Beta 13 @@@ ROGUE MODE // 2024.04.05 @ 13:00:46 Player: H3-RMN Result: Destroyed by D-53 Grenadier with Mini Grenade Launcher Performance ------------- Evolutions (0) 0 Regions Visited (2) 400 Robots Destroyed (17) 85 Value Destroyed (414) 414 Prototype IDs (0) 0 Alien Tech Used (0) 0 Bonus (0) 0 TOTAL SCORE: 899 Bonus ------- None Cogmind --------- Core Integrity 0/250 Matter 275/300 Energy 102/250 System Corruption 0% Temperature Cool (6) Movement Treading (320) Ox2 Location -10/Mines Parts ------- > --- POWER (1) -------- Ion Engine > --- PROPULSION (2) --- Light Treads Light Treads > --- UTILITY (2) ------ Huge Storage Unit Light Armor Plating > --- WEAPON (2) ------- Small Laser > --- INVENTORY (25) --- Ion Engine Ion Engine Light Ion Engine Wheel Compact Wheel Improved Heat Sink Medium Matter Pod (100) Structural Scanner Sensor Array Seismic Detector Transport Network Coupler Propulsion Shielding Propulsion Shielding Hacking Suite Light Assault Rifle Light Cannon Grenade Launcher Datajack Mining Laser Peak State ------------ > --- POWER ------------ Ion Engine > --- PROPULSION ------- Light Treads Compact Wheel > --- UTILITY ---------- Huge Storage Unit Sensor Array > --- WEAPON ----------- EM Pulse Gun EM Pulse Gun > --- INVENTORY -------- Ion Engine Ion Engine Light Ion Engine Light Treads Light Treads Wheel Compact Wheel Improved Heat Sink Transport Network Coupler Propulsion Shielding Propulsion Shielding Hacking Suite Small Laser Small Laser Light Assault Rifle Light Cannon Datajack Mining Laser [Rating: 9] Favorites ----------- Power Ion Engine Engine Ion Engine Propulsion Light Treads Treads Light Treads Wheel Compact Wheel Utility Huge Storage Unit Device Terrain Scanner Storage Huge Storage Unit Protection Light Armor Plating Weapon EM Pulse Gun Energy Gun EM Pulse Gun Launcher Grenade Launcher Build | -11 -10 -10 ------- Run | Yrd Mat Min Slots Evolved . | . . . Power . | . . . Propulsion . | . . . Utility . | . . . Weapon . | . . . Parts Attached 18 | 6 7 5 Power 2 | 1 . 1 Engine 2 | 1 . 1 Core . | . . . Reactor . | . . . Propulsion 4 | 2 . 2 Treads 3 | 1 . 2 Leg . | . . . Wheel 1 | 1 . . Hover . | . . . Flight . | . . . Utility 6 | 1 4 1 Device 2 | . 2 . Storage 2 | 1 1 . Processor . | . . . Hackware . | . . . Protection 2 | . 1 1 Artifact . | . . . Weapon 6 | 2 3 1 Energy Gun 5 | 2 3 . Energy Cannon . | . . . Ballistic Gun . | . . . Ballistic Cannon . | . . . Launcher 1 | . . 1 Special Weapon . | . . . Impact Weapon . | . . . Slashing Weapon . | . . . Piercing Weapon . | . . . Special Melee Weapon . | . . . Unidentified Prototypes . | . . . Parts Lost 8 | . 3 5 Power 1 | . . 1 Propulsion 2 | . . 2 Utility 1 | . . 1 Weapon 4 | . 3 1 Highest Loss Streak 5 | . 1 5 To Critical Strikes . | . . . Average Slot Usage (%) 94 | . 95 89 Engine 14 | . 14 14 Treads 14 | . 14 14 Wheel 13 | . 14 13 Device 7 | . 9 . Storage 14 | . 14 14 Protection 5 | . 3 14 Energy Gun 22 | . 24 14 Naked Turns . | . . . Heaviest Build 92 | 14 92 92 Greatest Support 20 | 20 16 16 Greatest Overweight (x) 5 | . 5 5 Average Overweight (x) 4 | . 4 5 Largest Inventory Capacity 25 | 8 25 25 Average Capacity 23 | 7 23 25 Most Carried 25 | 6 25 24 Average Carried 17 | 2 17 23 Final Capacity 25 | 8 25 25 Final Carried 24 | 6 24 19 Class Distribution -------------------- 100% | Mutant Dominant Class ---------------- Mutant | -10/Materials Mutant | -10/Mines Resources | -11 -10 -10 ----------- Run | Yrd Mat Min Matter Collected 415 | 255 160 . Remotely . | . . . Salvage Created 678 | 64 614 . Parts 43 | 4 39 . Haulers Intercepted 2 | . 2 . Recyclers Shooed . | . . . Parts Field Recycled . | . . . Retrieved Matter . | . . . Parts Self-Destructed . | . . . Prevented . | . . . Kills | -11 -10 -10 ------- Run | Yrd Mat Min Combat Hostiles Destroyed 12 | . 12 . Guns 12 | . 12 . Classes Destroyed 6 | 1 5 . Hauler 2 | . 2 . Recycler 1 | 1 . . Operator 1 | . 1 . Watcher 1 | . 1 . Swarmer 3 | . 3 . Grunt 9 | . 9 . Best Kill Streak 3 | 1 3 . Combat Bots Only 3 | . 3 . Max Kills in Single Turn 1 | 1 1 . Gunslinging . | . . . Exploded . | . . . Melee . | . . . Uniques/NPCs Destroyed . | . . . Combat | -11 -10 -10 -------- Run | Yrd Mat Min Hostile Shots Fired 57 | . 47 10 Missed 13 | . 13 . Damage Taken 956 | . 571 385 Core 273 | . 190 83 Absorbed by Shields . | . . . Regen/Repaired (Parts) 69 | . 69 . Core Remaining (%) 100 | 100 . . Volleys Fired 59 | 6 49 4 Largest 2 | 2 2 1 Hottest 80 | 80 80 40 Shots Fired 106 | 12 90 4 Gun 106 | 12 90 4 Cannon . | . . . Launcher . | . . . Special . | . . . Kinetic . | . . . Thermal 18 | . 14 4 Explosive . | . . . Electromagnetic 88 | 12 76 . Robot Hit Streak 15 | 4 15 4 Robot Miss Streak 4 | 4 3 1 Penetration Max . | . . . Secondary Targets . | . . . Shots Hit Robots 71 | 6 62 3 Core Hits 26 | 2 24 . Critical Kills . | . . . Critical Parts Destroyed . | . . . Critical Strikes . | . . . Melee Attacks . | . . . Impact . | . . . Slashing . | . . . Piercing . | . . . Sneak Attacks . | . . . Combat Hostiles . | . . . Follow-up Attacks . | . . . Damage Inflicted 1049 | 91 923 35 Guns 989 | 91 863 35 Cannons . | . . . Explosions 60 | . 60 . Melee . | . . . Ramming . | . . . Kinetic . | . . . Thermal 192 | . 157 35 Explosive . | . . . Electromagnetic 857 | 91 766 . Impact . | . . . Slashing . | . . . Piercing . | . . . Highest Corruption . | . . . Average Corruption . | . . . Corruption Purged . | . . . Corruption Blocked . | . . . Overload Shots . | . . . Overflow Damage . | . . . Projectiles . | . . . Explosions . | . . . Melee . | . . . Knockbacks . | . . . Impact . | . . . Kinetic . | . . . Secondary . | . . . Self-Inflicted Damage 31 | . 31 . Shots 1 | . 1 . Rammed . | . . . Targets Rammed . | . . . Kicked . | . . . Crushed . | . . . Highest Temperature 339 | 72 339 18 Average Temperature 68 | 32 75 8 Received Heat Transfer 192 | . 192 . Siege Activations . | . . . Robots Corrupted 1 | . 1 . Combat Hostiles . | . . . Parts Fried 3 | . 3 . Impact Corruptions . | . . . Robots Melted . | . . . Combat Hostiles . | . . . Parts Melted . | . . . Heat Transferred 375 | . 300 75 Parts Sabotaged . | . . . Parts Stolen . | . . . Parts Stripped . | . . . Power Chain Reactions 2 | . 2 . Alert | -11 -10 -10 ------- Run | Yrd Mat Min Peak Influence 201 | 5 201 34 Initial 34 | . 3 34 Average 72 | . 84 33 Maximum Alert Level 1 | . 1 . Low Security (%) 98 | 100 97 100 Level 1 2 | . 2 . Level 2 . | . . . Level 3 . | . . . Level 4 . | . . . Level 5 . | . . . High Security . | . . . Max Security . | . . . Squads Dispatched 4 | . 4 . Investigation 4 | . 4 . Extermination . | . . . Reinforcement . | . . . Assault . | . . . Garrison . | . . . Intercept . | . . . Searches Triggered . | . . . Construction Impeded . | . . . Haulers Reinforced . | . . . Active Scanning Responses . | . . . Cargo Convoy Interrupts . | . . . Stealth | -11 -10 -10 --------- Run | Yrd Mat Min Distress Signals 2 | . 2 . Communications Jammed . | . . . Distress Signals . | . . . Times Spotted 26 | . 24 2 Peak Tracking Total 4 | . 4 2 Tactical Retreats 1 | . 1 . Traps | -11 -10 -10 ------- Run | Yrd Mat Min Traps Triggered 1 | . 1 . Indirectly . | . . . Trap Hack Attempts . | . . . Triggered . | . . . Disarmed . | . . . Reprogrammed . | . . . Reused . | . . . Traps Extracted . | . . . Installed . | . . . Triggered . | . . . Machines | -11 -10 -10 ---------- Run | Yrd Mat Min Machines Disabled 1 | . 1 . Max in Single Turn 1 | . 1 . Machines Repaired . | . . . Machines Dismantled . | . . . Machines Sabotaged . | . . . Overloaded Fab Kills . | . . . Hacking | -11 -10 -10 --------- Run | Yrd Mat Min Machines Accessed 10 | . 10 . Terminals 8 | . 8 . Fabricators . | . . . Repair Stations 1 | . 1 . Recycling Units 1 | . 1 . Scanalyzers . | . . . Garrison Access . | . . . Total Hacks 39 | . 39 . Successful 19 | . 19 . Failed 19 | . 19 . Catastrophic 1 | . 1 . Database Lockouts 1 | . 1 . Manual 23 | . 23 . Terminals 29 | . 29 . Fabricators . | . . . Repair Stations 8 | . 8 . Recycling Units 2 | . 2 . Scanalyzers . | . . . Garrison Access . | . . . Terminal Hacks 8 | . 8 . Robot Analysis 3 | . 3 . Branch Access Points 1 | . 1 . Terminal Index 1 | . 1 . Locate Traps 1 | . 1 . Hauler Manifests 1 | . 1 . Zone Layout 1 | . 1 . Fabricator Hacks . | . . . Repair Station Hacks 6 | . 6 . Scan Component 3 | . 3 . Repair 3 | . 3 . Recycling Unit Hacks . | . . . Scanalyzer . | . . . Garrison Access Hacks . | . . . Unauthorized Hacks 5 | . 5 . Terminals 4 | . 4 . Track 2 | . 2 . Botnet 1 | . 1 . Operators 1 | . 1 . Fabricators . | . . . Repair Stations . | . . . Recycling Units 1 | . 1 . Tunnel 1 | . 1 . Scanalyzers . | . . . Garrison Access . | . . . Data Cores Recovered . | . . . Used . | . . . Hacking Detections 10 | . 10 . Full Trace Events 4 | . 4 . Feedback Events . | . . . Feedback Blocked . | . . . Robot Schematics Acquired . | . . . Robots Built . | . . . Authchips . | . . . Time . | . . . Total Robot Build Rating . | . . . Part Schematics Acquired . | . . . Parts Built . | . . . Authchips . | . . . Time . | . . . Total Part Build Rating . | . . . Parts Repaired 3 | . 3 . Time 98 | . 98 . Parts Recycled . | . . . Recycled Matter . | . . . Retrieved Matter . | . . . Retrieved Components . | . . . Parts Scanalyzed . | . . . Part Schematics Acquired . | . . . Parts Damaged . | . . . Bothacking | -11 -10 -10 ------------ Run | Yrd Mat Min Used RIF Installer . | . . . Robots Hacked . | . . . Non-combat . | . . . Combat . | . . . Robot Hacks Applied . | . . . Relay Couplers Released . | . . . Fabnet Peak Effective % . | . . . Robots Rewired . | . . . Allies Hacked . | . . . Hacks Repelled . | . . . Allies | -11 -10 -10 -------- Run | Yrd Mat Min Total Allies . | . . . Largest Group . | . . . Highest-Rated Group . | . . . Highest-Rated Ally . | . . . Total Orders . | . . . Ally Attacks . | . . . Total Damage . | . . . Kills . | . . . Allies Corrupted . | . . . Allies Melted . | . . . Intel | -11 -10 -10 ------- Run | Yrd Mat Min Robot Analysis Total 3 | . 3 . Derelict Logs Recovered . | . . . Drone Launches . | . . . Drone Recoveries . | . . . Exploration | -11 -10 -10 ------------- Run | Yrd Mat Min Turns Passed 1600 | 90 1276 234 Spaces Moved 742 | 54 595 93 Core 1 | 1 . . Treads 2 | 2 . . Legs . | . . . Wheels 739 | 51 595 93 Hover . | . . . Flight . | . . . Fastest Speed 50 | 50 100 175 Average Speed 161 | 101 164 175 Slowest Speed 175 | 160 175 175 Overloaded Moves . | . . . Propulsion Burnouts . | . . . Robots Hopped . | . . . Cave-ins Triggered . | . . . Exploration Rate (%) 38 | 4 87 25 Regions Visited 2 Branch Regions 1 Pre-discovered Areas 1 | . 1 . Known Exits Taken 1 | . 1 . Unknown Exits Taken 1 | 1 . . Scrap Searched . | . . . Spaces Dug . | . . . Terrain Destroyed 8 | . 8 . Melee . | . . . Projectile . | . . . AOE 8 | . 8 . Terrain Rammed . | . . . Walls Destroyed . | . . . Machines Disabled . | . . . Actions | -11 -10 -10 --------- Run | Yrd Mat Min Total 1035 | 74 801 160 Wait 183 | 3 122 58 Move 740 | 53 594 93 Hop . | . . . Pick Up 30 | 6 24 . Fast Attach 10 | 6 4 . Attach 8 | . 3 5 Detach 1 | . 1 . Swap . | . . . Drop 4 | . 4 . Fire 59 | 6 49 4 Melee . | . . . Ram . | . . . Kick . | . . . Crush . | . . . Escape Stasis . | . . . Rewire . | . . . Trap . | . . . Miscellaneous . | . . . Route ------- -11/Scrapyard -10/Materials (discovered 3 exits: [*Mat x2] / *Min) -10/Mines History --------- Turn | Location | Event 2 | -11/Scrapyard | Met Revision 17 5 | -11/Scrapyard | Discovered new exit (range 16) 91 | -11/Scrapyard | Entered Materials 142 | -10/Materials | Central database locked down 149 | -10/Materials | Identified exit to Mines 303 | -10/Materials | Build established: Mutant 472 | -10/Materials | Repaired Corrupted Transport Network Coupler 583 | -10/Materials | Repaired EM Pulse Gun 622 | -10/Materials | Repaired Corrupted Lgt. Treads 803 | -10/Materials | Discovered new exit (range 10) 945 | -10/Materials | Discovered new exit (range 6) 1157 | -10/Materials | Core integrity fell below 50% 1367 | -10/Materials | Entered Mines 1525 | -10/Mines | Assembled infested the area 1595 | -10/Mines | Core integrity fell below 20% 1601 | -10/Mines | Destroyed by D-53 Grenadier with Mini Grenade Launcher Last Messages --------------- 01399_ K-01 Serf collects debris. 01400_ K-01 Serf cleans the Laser Drill. 01405_ K-01 Serf collects debris. 01408_ K-01 Serf cleans the Laser Drill. 01438_ K-01 Serf collects debris. 01479_ K-01 Serf cleans the Core Extractor. 01497_ K-01 Serf collects debris. 01498_ K-01 Serf cleans the Core Extractor. 01502_ K-01 Serf collects debris. 01525_ ALERT: Infestation in the mines, dispatching Demolisher response squad. 01541_ K-01 Serf destroyed. 01550_ R-06 Scavenger collects Wheel. 01562_ K-01 Serf collects debris. 01591_ Com. Wheel destroyed. 01595_ Lgt. Treads destroyed. 01597_ The unstable cave ceiling collapses. 01597_ Lgt. Armor Plating destroyed. 01598_ Ion Engine destroyed. 01600_ Grenade Launcher destroyed. Map ----- +----------------------------------------------------+ | ?????????????????????????????????????????????????? | | ?????????????????????????????????????????????????? | | ?????????????????????????????????????????????????? | | ?????????????????????????????????????????????????? | | ?????????????????????????????????????????????????? | | ?????????????????????????????????????????????????? | | ?????????????????????????????????????????????????? | | ?????????????????????????????????????????????????? | | ????????????????????????? #??????????????????????? | | ??????????????????????? #?????????????????????? | | ???????????????????????% ?????????????????????? | | ????????????????????? ! #??##????????????????? | | ????????????????????? ## ????????????????? | | ????????????????????? ??????????????? | | ????????????????????? ???????????????? | | ?????????????????????# ???????????????? | | ?????????????????????#dd ????????????????? | | ?????????????????????# ?????????????????? | | ?????????????????????# # #?????????????????? | | ?????????????????????# ## ??????????????????? | | ?????????????????????# ## ############???????? | | ?????????????????????# %## ## ###?????? | | ????????????????????## """ ##????? | | ?????????????##?????# """ ##### | | ?????????????# #?#### ### """ | | ?????????????# ## # @ #?### #????? | | ?????????????# #???## #????? | | ?????????????## #????# #????? | | ??????????????# #????## #####? | | ??????????????## ##?????###### ## | | ???????????????##### #######???????????# | | ???????????????????#####?????????????????# ### | | ?????????????????????????????????????????# #?#### | | ?????????????????????????????????????????# #????? | | ????????????????????????????????????????? #????? | | ???????????????????????????????????????? #????? | | ???????????????????????????????????????######????? | | ?????????????????????????????????????????????????? | | ?????????????????????????????????????????????????? | | ?????????????????????????????????????????????????? | | ?????????????????????????????????????????????????? | | ?????????????????????????????????????????????????? | | ?????????????????????????????????????????????????? | | ?????????????????????????????????????????????????? | | ?????????????????????????????????????????????????? | | ?????????????????????????????????????????????????? | | ?????????????????????????????????????????????????? | | ?????????????????????????????????????????????????? | | ?????????????????????????????????????????????????? | | ?????????????????????????????????????????????????? | +----------------------------------------------------+ Best States ------------- Heat Dissipation 25 Energy Generation 10 Energy Capacity 250 Matter Stores 300 Matter Capacity 300 Sight Range 16 Robot Scan Range 14 Terrain Scan Range 14 Terrain Scan Density 10 Armor Coverage 150 Evasion (%) 40 Recoil Reduction 2 Item Schematics ----------------- None Robot Schematics ------------------ None Fabricated ------------ Nothing Alien Tech Used ----------------- None Achievements -------------- None Challenges ------------ None Game ------ Seed WeaponDataBeam Manual? 0 Play Time 00:13:26 Cumulative 685.6 hours Start 2024.04.05 @ 12:47:41 End 2024.04.05 @ 13:00:46 Sessions 1 Manual Loads 0 Difficulty Rogue Special Mode None Game No. 278 Rogue 250 Adventurer 3 Explorer 25 Win Type - Total 16 Types 10/3/1/1/0/1/0/0/0 Lore% 91 Gallery% 96 Achievement% 85 Wizard Run 0 Options --------- Layout 2 ASCII 0 Keyboard 0 Movement Numpad Keybinds 0 Fullscreen 2 Font 24/Smallcaps Map View 50x44 Zoom Use 0% Tactical HUD 1 Map Filters NONE Filters NONE Steam 1 RUN: 825e618d-b07a-4f7c-8198-e2ec77cc1dd7